 Dungeon Crawl Stone Soup version 0.24.0-35-gdb84b6a5db (webtiles) character file.

Game seed: 16564273359748270281, levelgen mode: deterministic

102911 Peloso the Peltast (level 15, -2/136 HPs)
             Began as a Minotaur Fighter on Nov 17, 2019.
             Was the Champion of Okawaru.
             Slain by a jumping spider (12 damage)
             ... on level 3 of the Spider Nest.
             The game lasted 01:14:13 (30036 turns).

Peloso the Peltast (Minotaur Fighter)              Turns: 30036, Time: 01:14:14

Health: -2/136     AC: 21    Str: 22 (23) XL:     15   Next: 87%
Magic:  0/15       EV:  6    Int: 10 (11) God:    Okawaru [******]
Gold:   2282       SH:  0    Dex: 16 (18) Spells: 14/14 levels left

rFire    + + .     SeeInvis .   a - +6 falchion of Offence {flame, +Inv Int+2 Dex+6}
rCold    + . .     Gourm    .   c - +1 large shield "Lipiecum" {rC+ rN++ Str-2 Int+4}
rNeg     + + .     Faith    +   r - +3 chain mail {rF+}
rPois    +         Spirit   .   (helmet restricted)
rElec    .         Reflect  .   R - +1 cloak {rPois}
rCorr    +         Harm     .   (no gloves)
MR       +....                  J - +1 pair of boots {run}
Stlth    ..........             O - amulet of faith
HPRegen  0.32/turn              y - ring of protection from fire
MPRegen  0.14/turn              V - ring of resist corrosion

@: held, slowed, very slow
A: retaliatory headbutt, horns 2
a: Heroism, Finesse, Renounce Religion, Evoke Invisibility


You were on level 3 of the Spider Nest.
You worshipped Okawaru.
Okawaru was exalted by your worship.
You were not hungry.

You visited 4 branches of the dungeon, and saw 26 of its levels.
You also visited: Ossuary and Volcano.

You collected 2640 gold pieces.
You spent 358 gold pieces at shops.

Inventory:

Hand Weapons
 a - the +6 falchion of Offence (weapon) {flame, +Inv Int+2 Dex+6}
   (Okawaru gifted it to you on level 8 of the Dungeon)

   It has been specially enchanted to burn those struck by it, causing extra
   injury to most foes and up to half again as much damage against particularly
   susceptible opponents.
   Big, fiery blades are also staple armaments of hydra-hunters.
   It affects your intelligence (+2).
   It affects your dexterity (+6).
   It lets you turn invisible.
 b - a +0 demon blade of flaming
Armour
 c - the +1 large shield "Lipiecum" (worn) {rC+ rN++ Str-2 Int+4}
   (Okawaru gifted it to you on level 14 of the Dungeon)

   It affects your strength (-2).
   It affects your intelligence (+4).
   It protects you from cold.
   It greatly protects you from negative energy.
 n - a +1 plate armour of magic resistance
 r - a +3 chain mail of fire resistance (worn)
 J - a +1 pair of boots of running (worn)
 R - a +1 cloak of poison resistance (worn)
Jewellery
 k - an uncursed ring of ice
 l - a +2 amulet of reflection
 q - an uncursed ring of protection from magic
 s - an uncursed ring of stealth {unknown}
 w - an uncursed amulet of guardian spirit {unknown}
 y - a ring of protection from fire (left hand)
 H - an uncursed ring of protection from cold
 O - an amulet of faith (around neck)
 V - a ring of resist corrosion (right hand)
Wands
 j - a wand of digging (3)
 t - a wand of polymorph (10)
Scrolls
 d - a scroll of noise
 h - 5 scrolls of blinking
 i - a scroll of fear
 m - 3 scrolls of fog
 p - 2 scrolls of summoning
 x - 5 scrolls of identify
 A - 6 scrolls of magic mapping
 B - 12 scrolls of teleportation
 D - 14 scrolls of remove curse
Potions
 e - 9 potions of curing
 g - 3 potions of flight
 o - 3 potions of heal wounds
 u - 2 potions of agility
 v - 3 potions of berserk rage
 C - 7 potions of haste
 F - 8 potions of might
 L - a potion of mutation
 T - a potion of resistance
Comestibles
 f - 36 rations


   Skills:
 + Level 13.6 Fighting
 + Level 16.2 Long Blades
 + Level 14.6 Armour
 + Level 6.5 Dodging
 + Level 3.0 Stealth
 + Level 19.6 Shields
 + Level 1.6 Invocations
 + Level 1.4 Evocations


You had 14 spell levels left.
You didn't know any spells.
Your spell library contained the following spells:

 Spells                   Type           Power        Failure   Level  Hunger
 Corona                   Hex            #......      98%         1    ##.....
 Freeze                   Ice            #...         98%         1    ##.....
 Magic Dart               Conj           #...         98%         1    ##.....
 Sting                    Conj/Pois      #...         98%         1    ##.....
 Blink                    Tloc           N/A          99%         2    ###....
 Call Imp                 Summ           #.......     99%         2    ###....
 Ensorcelled Hibernation  Hex/Ice        #.....       99%         2    ###....
 Poisonous Vapours        Pois/Air       #.....       99%         2    ###....
 Searing Ray              Conj           #.....       99%         2    ###....
 Slow                     Hex            #.......     99%         2    ###....
 Throw Frost              Conj/Ice       #.....       99%         2    ###....
 Confuse                  Hex            #.......     100%        3    ####...
 Conjure Flame            Conj/Fire      #.......     100%        3    ####...
 Dazzling Spray           Conj/Hex       #.....       100%        3    ####...
 Ignite Poison            Fire/Tmut/Pois #.......     100%        3    ####...
 Mephitic Cloud           Conj/Pois/Air  #.......     100%        3    ####...
 Ozocubu's Armour         Chrm/Ice       #.......     100%        3    ####...
 Spider Form              Tmut/Pois      #.........   100%        3    ####...
 Tukima's Dance           Hex            #.......     100%        3    ####...
 Force Lance              Conj/Tloc      #.......     100%        4    #####..
 Fulminant Prism          Conj/Hex       #.........   100%        4    #####..
 Iskenderun's Mystic Bla  Conj           #.......     100%        4    #####..
 Summon Ice Beast         Ice/Summ       #.......     100%        4    #####..
 Throw Icicle             Conj/Ice       #.......     100%        4    #####..
 Alistair's Intoxication  Tmut/Pois      #.......     100%        5    ######.
 Venom Bolt               Conj/Pois      #.........   100%        5    ######.


Dungeon Overview and Level Annotations

Branches:
Dungeon (15/15)            Temple (0/1) D:5            Lair (6/6) D:8
 Shoals (0/4) Lair:4       Spider (3/4) Lair:3        Slime (0/5) Lair:6
    Orc (2/2) D:9             Elf (0/3) Orc:2        Vaults (0/5) D:13
 Depths (0/5) D:15        Ossuary (visited)         Volcano (visited)

Altars:
Cheibriados
Fedhas
Makhleb
Okawaru
Uskayaw

Shops:
D:7 !   D:8 }   D:13 *   Orc:2 :%*}


Innate Abilities, Weirdness & Mutations

You reflexively headbutt those who attack you in melee.
You have a pair of horns on your head.


Message History

You feel very sick. The jumping spider pounces on you.
* * * LOW HITPOINT WARNING * * *
You are caught in a web!
The jumping spider bites you but does no damage.
The jumping spider pounces on you!
* * * LOW HITPOINT WARNING * * *
The jumping spider bites you but does no damage.
Something hits you but does no damage. x2
Something stings you but does no damage.
The torpor snail bites you!
* * * LOW HITPOINT WARNING * * *
You feel better. The jumping spider pounces on you.
* * * LOW HITPOINT WARNING * * *
The jumping spider bites you.
* * * LOW HITPOINT WARNING * * *
Something hits you but does no damage. x2; Something stings you.
* * * LOW HITPOINT WARNING * * *
The jumping spider pounces on you!
You die...

#. ... #. #.. ##..
.#.# ..## ...### ....
... .....#
....##^^.##..#^.#
.##^.#.. ......# #..
#.......###w{..#
..^.#.##....#^#@^#
^..#..####...#s.#^#..
.
#..#..#..#......^....
.
#....^##.....#.....#.
..
......#..##..###^#.#
#.#####..^.#.....# .#
.. ...#...#...#.##....
. .
...^#....#.##...#.#.#.
.##.|..#^###
.#..#..#.#


You could see a torpor snail and a jumping spider.

Vanquished Creatures
  Arachne (Spider:3)
  A fire giant (D:15)
  An emperor scorpion (Spider:2)
  An entropy weaver (Spider:2)
  A dire elephant (Lair:6)
  A spark wasp (Spider:2)
  Erolcha (D:10)
  5 hydras
  A catoblepas (Lair:6)
  2 two-headed ogres
  2 centaur warriors
  5 death yaks (Lair:6)
  An ogre mage (D:13)
  A deep troll shaman (Lair:6)
  A tengu warrior (D:14)
  4 orc high priests (Orc:2)
  Nergalle (D:10)
  Sonja (Lair:6)
  Urug (Lair:6)
  A skeletal warrior (D:13)
  A fire crab (Volcano)
  A swamp dragon (shapeshifter) (D:14)
  A glowing orange brain (shapeshifter) (D:14)
  3 orc knights
  A deep elf mage (D:15)
  A lindwurm (Volcano)
  9 wolf spiders
  4 orc sorcerers
  An oklob plant (Lair:2)
  15 ugly things
  An orb spider (Spider:2)
  2 manticores (D:15)
  9 elephants (Lair:6)
  A moth of wrath (Spider:1)
  Maurice (D:11)
  A black mamba (Lair:6)
  Joseph (D:7)
  2 centaur zombies
  A torpor snail (Spider:3)
  4 gargoyles
  11 spiny frogs
  A kobold demonologist (D:13)
  2 rime drakes
  8 demonic crawlers
  7 komodo dragons
  7 trolls
  5 hornets
  14 jumping spiders
  3 polar bears
  6 slime creatures
  14 blink frogs
  5 dream sheep (Lair:6)
  6 hippogriffs
  A meliai zombie (D:13)
  32 redbacks
  A spriggan (D:8)
  3 wraiths
  2 shadows
  7 tarantellas
  5 wyverns
  32 yaks
  A hungry ghost (D:13)
  5 basilisks
  A vampire (D:13)
  6 fire bats (Volcano)
  4 vampire mosquitoes (D:14)
  4 steam dragons
  Menkaure (Ossuary)
  4 wargs
  A soldier ant (D:11)
  An acid dragon (D:12)
  9 water moccasins
  7 porcupines
  8 black bears
  5 sky beasts
  5 ice beasts
  29 orc warriors
  A hornet zombie (D:11)
  7 phantoms
  12 wolves
  A necrophage (D:11)
  12 centaurs
  22 ogres
  11 crocodiles
  6 big kobolds
  A wyvern zombie (D:14)
  14 bullfrogs
  3 gnoll sergeants
  A water moccasin zombie (D:8)
  3 scorpions
  12 killer bees (D:8)
  3 wights (D:7)
  9 crimson imps
  2 bullfrog zombies
  6 hounds
  2 jellies (Lair:6)
  2 quasits (D:9)
  Crazy Yiuf (D:3)
  27 orc priests
  A bullfrog skeleton (D:13)
  10 centaur skeletons
  4 iguanas
  14 worker ants
  31 orc wizards
  5 hell rats (Lair:5)
  A killer bee zombie (D:7)
  2 hound skeletons
  3 mummies (Ossuary)
  A worker ant zombie (D:11)
  12 gnolls
  7 adders
  3 shadow imps
  5 oozes
  4 worms
  3 dart slugs
  9 leopard geckos
  68 orcs
  7 bats
  2 giant cockroaches
  8 goblins
  3 hobgoblins
  11 jackals
  8 kobolds
  5 quokkas
  A ball python (D:4)
  A ball python skeleton (D:4)
  5 frilled lizards
  2 gnoll skeletons (Ossuary)
  7 gnoll zombies (Ossuary)
  3 goblin skeletons (Ossuary)
  4 goblin zombies (Ossuary)
  2 hobgoblin skeletons (Ossuary)
  A hobgoblin zombie (Ossuary)
  3 kobold skeletons (Ossuary)
  3 kobold zombies (Ossuary)
  11 orc skeletons (Ossuary)
  7 orc zombies (Ossuary)
  5 rats
  4 rat skeletons (Ossuary)
  3 rat zombies (Ossuary)
  2 fungi (Lair:1)
805 creatures vanquished.

Vanquished Creatures (others)
  2 cyclopes (D:11)
  A dream sheep (Lair:6)
  6 centaurs
  2 bushes (D:8)
  4 fungi
  10 plants
25 creatures vanquished.

Grand Total: 830 creatures vanquished

Notes
Turn   | Place    | Note
-------+----------+-------------------------------------------
     0 | D:1      | Peloso the Minotaur Fighter began the quest for the Orb.
     0 | D:1      | Reached XP level 1. HP: 19/19 MP: 0/0
    39 | D:1      | Reached XP level 2. HP: 23/27 MP: 1/1
   194 | D:1      | Reached skill level 4 in Shields
   352 | D:1      | Reached XP level 3. HP: 21/33 MP: 2/2
   358 | D:1      | You fall into a shaft and drop 1 floor!
  1337 | D:3      | Reached XP level 4. HP: 40/41 MP: 3/3
  1654 | D:3      | Found an iron altar of Okawaru.
  1663 | D:3      | Became a worshipper of Warmaster Okawaru
  1976 | D:3      | Found a runed translucent door.
  1977 | D:3      | Noticed Crazy Yiuf
  1985 | D:3      | Killed Crazy Yiuf
  1985 | D:3      | Reached skill level 5 in Shields
  1985 | D:3      | Reached XP level 5. HP: 23/47 MP: 4/4
  2383 | D:4      | Reached skill level 5 in Armour
  2385 | D:4      | Noticed an ogre
  2524 | D:4      | Reached XP level 6. HP: 53/53 MP: 5/5
  2631 | D:4      | Reached * piety under Okawaru
  2647 | D:4      | Reached skill level 5 in Long Blades
  3146 | D:4      | Found a snail-covered altar of Cheibriados.
  3185 | D:5      | Entered Level 5 of the Dungeon
  3197 | D:5      | Reached skill level 5 in Fighting
  3513 | D:5      | Reached skill level 1 in Dodging
  3513 | D:5      | Reached XP level 7. HP: 41/61 MP: 6/6
  3582 | D:5      | Reached skill level 6 in Shields
  3625 | D:5      | Reached ** piety under Okawaru
  4095 | D:6      | Reached XP level 8. HP: 69/69 MP: 4/7
  4243 | D:6      | Found a sand-covered staircase.
  4251 | Ossuary  | Entered an ossuary
  4591 | Ossuary  | Noticed Menkaure
  4603 | Ossuary  | Killed Menkaure
  4868 | D:5      | Found a staircase to the Ecumenical Temple.
  5159 | D:6      | Identified the Collected Works on Intoxication
  5335 | D:7      | Noticed Joseph
  5348 | D:7      | Killed Joseph
  5348 | D:7      | Reached *** piety under Okawaru
  5348 | D:7      | Reached skill level 7 in Shields
  5355 | D:7      | Reached XP level 9. HP: 67/78 MP: 6/8
  5618 | D:7      | Reached skill level 8 in Shields
  5707 | D:7      | Found Sus Xantab's Distillery.
  5723 | D:7      | Bought a potion of lignification for 33 gold pieces
  5723 | D:7      | Bought a potion of agility for 44 gold pieces
  5723 | D:7      | Bought a potion of haste for 110 gold pieces
  5723 | D:7      | Bought a potion of berserk rage for 55 gold pieces
  5723 | D:7      | Bought a potion of curing for 33 gold pieces
  5723 | D:7      | Bought a potion of heal wounds for 55 gold pieces
  6001 | D:7      | Reached **** piety under Okawaru
  6280 | D:8      | Reached skill level 9 in Shields
  6322 | D:8      | Reached skill level 10 in Long Blades
  6525 | D:8      | Found Pasatoot's Gadget Emporium.
  6739 | D:8      | Reached XP level 10. HP: 80/86 MP: 6/9
  6779 | D:8      | Reached ***** piety under Okawaru
  6779 | D:8      | Reached skill level 10 in Shields
  6993 | D:8      | Found a staircase to the Lair.
  7343 | D:8      | Received a gift from Okawaru
  7349 | D:8      | Got a fine falchion {god gift}
  7350 | D:8      | Identified the +6 falchion of Offence {flame, +Inv Int+2
                  | Dex+6} (Okawaru gifted it to you on level 8 of the Dungeon)
  7657 | D:9      | Noticed a two-headed ogre
  7667 | D:9      | Killed a two-headed ogre
  8079 | D:9      | Reached skill level 11 in Shields
  8098 | D:9      | Got a shimmering mace
  8100 | D:9      | Identified the cursed +1 mace of Woeliuch {crush, rC++}
                  | (You found it on level 9 of the Dungeon)
  8260 | D:9      | Found a staircase to the Orcish Mines.
  8317 | D:9      | Received a gift from Okawaru
  8317 | D:9      | Reached XP level 11. HP: 54/97 MP: 10/10
  8387 | D:9      | Identified a +1 pair of boots of running (Okawaru gifted it
                  | to you on level 9 of the Dungeon)
  8670 | D:9      | Found a snail-covered altar of Cheibriados.
  8742 | D:10     | Entered Level 10 of the Dungeon
  8835 | D:10     | Noticed Nergalle
  8852 | D:10     | Killed Nergalle
  9035 | D:10     | Reached skill level 10 in Armour
  9098 | D:10     | Noticed Erolcha
  9105 | D:10     | Killed Erolcha
  9105 | D:10     | Reached skill level 12 in Shields
  9105 | D:10     | Reached skill level 1 in Evocations
  9478 | D:11     | Noticed Maurice
  9515 | D:11     | Killed Maurice
 10020 | D:11     | You fall into a shaft and drop 3 floors!
 10020 | D:14     | Noticed a tengu warrior
 10032 | D:14     | Killed a tengu warrior
 10058 | D:14     | Noticed a swamp dragon
 10058 | D:14     | a jumping spider changed into a swamp dragon
 10063 | D:14     | Killed a swamp dragon
 10063 | D:14     | Reached skill level 10 in Fighting
 10198 | D:14     | Noticed a two-headed ogre
 10207 | D:14     | Killed a two-headed ogre
 10207 | D:14     | Received a gift from Okawaru
 10207 | D:14     | Reached XP level 12. HP: 81/106 MP: 11/11
 10278 | D:14     | Reached skill level 13 in Shields
 10796 | D:14     | Received a gift from Okawaru
 10821 | D:13     | Found a blossoming altar of Fedhas.
 11412 | D:12     | Noticed a seven-headed hydra
 11424 | D:12     | Killed a one-headed hydra
 11424 | D:12     | Reached skill level 1 in Invocations
 11576 | D:12     | Received a gift from Okawaru
 12285 | Lair:1   | Entered Level 1 of the Lair of Beasts
 12858 | Lair:1   | Reached skill level 14 in Shields
 12858 | Lair:1   | Reached XP level 13. HP: 94/115 MP: 12/12
 13776 | Lair:2   | Found a dark tunnel.
 13788 | Volcano  | Entered a volcano
 13818 | Volcano  | Received a gift from Okawaru
 14336 | Lair:2   | Reached skill level 1 in Stealth
 15175 | Lair:3   | Found a hole to the Spider Nest.
 15255 | Lair:3   | Found a hide-covered altar of Uskayaw.
 15542 | Lair:4   | Found a staircase to the Shoals.
 15675 | Lair:4   | Reached skill level 15 in Shields
 15747 | Lair:4   | Reached skill level 15 in Long Blades
 15979 | Lair:4   | Received a gift from Okawaru
 15979 | Lair:4   | Reached skill level 5 in Dodging
 16405 | Lair:5   | Got a brightly glowing morningstar
 16406 | Lair:5   | Identified the +6 morningstar of Okawaru's Delight {flame,
                  | rPois} (You found it on level 5 of the Lair of Beasts)
 16799 | Lair:5   | Received a gift from Okawaru
 17462 | D:13     | Found Texzimm's Assorted Antiques.
 17504 | D:13     | Bought a scroll labeled DOIDDI NIYSOCURA for 28 gold pieces
 17730 | D:13     | Reached ****** piety under Okawaru
 18391 | D:13     | Found a gate to the Vaults.
 18427 | D:13     | Reached XP level 14. HP: 117/126 MP: 14/14
 18460 | D:13     | Reached skill level 16 in Shields
 19015 | D:14     | Received a gift from Okawaru
 19024 | D:14     | Got a spiked large shield {god gift}
 19030 | D:14     | Identified the +1 large shield "Lipiecum" {rC+ rN++ Str-2
                  | Int+4} (Okawaru gifted it to you on level 14 of the
                  | Dungeon)
 19363 | Orc:1    | Entered Level 1 of the Orcish Mines
 19363 | Orc:1    | Found a burning altar of Makhleb.
 19948 | Orc:2    | Entered Level 2 of the Orcish Mines
 20436 | Orc:2    | Found Yrid's Assorted Antiques.
 20436 | Orc:2    | Found Hurippob's Gadget Emporium.
 20444 | Orc:2    | Found Ymigal's Food Shoppe.
 20450 | Orc:2    | Found Riattaitt's Book Shoppe.
 21268 | Orc:2    | Found a staircase to the Elven Halls.
 21825 | Orc:1    | HP: 4/127 [orc priest/divine providence[an orc knight]
                  | (12)]
 22394 | D:15     | Entered Level 15 of the Dungeon
 22401 | D:15     | Reached skill level 17 in Shields
 22421 | D:15     | Found a staircase to the Depths.
 22421 | D:15     | Noticed a fire giant
 22440 | D:15     | Killed a fire giant
 23249 | D:15     | Received a gift from Okawaru
 23689 | Lair:6   | Entered Level 6 of the Lair of Beasts
 23689 | Lair:6   | Noticed Urug
 23699 | Lair:6   | Killed Urug
 23710 | Lair:6   | Noticed Sonja
 23730 | Lair:6   | Killed Sonja
 23795 | Lair:6   | Found a staircase to the Slime Pits.
 24159 | Lair:6   | Reached skill level 18 in Shields
 24164 | Lair:6   | Received a gift from Okawaru
 24194 | Lair:6   | Reached XP level 15. HP: 89/134 MP: 15/15
 24736 | Lair:6   | Got an ichor-stained short sword
 24737 | Lair:6   | Identified the cursed +2 short sword of Megalomania {drain,
                  | *Drain rN+ Str+2} (You found it on level 6 of the Lair of
                  | Beasts)
 26092 | Spider:1 | Entered Level 1 of the Spider Nest
 28103 | Spider:2 | Reached skill level 19 in Shields
 28243 | Spider:2 | Received a gift from Okawaru
 28492 | Spider:2 | HP: 4/136 [spark wasp/living lightning (10)]
 29408 | Spider:3 | Noticed Arachne
 29783 | Spider:3 | Killed Arachne
 30036 | Spider:3 | Slain by a jumping spider

Levels and vault maps discovered:
D:1:      dpeg_arrival_refuge, layout_loops_ring
D:2:      layout_loops_ring, first_ration, corexii_hall_statues_x
D:3:      layout_loops_corners, okawaru_gym_becter, uniq_crazy_yiuf_cottage
D:4:      layout_rooms, marbit_many_paths, grunt_decor_clamped
D:5:      minmay_inner_zag, layout_basic, temple_fountains
D:6:      layout_loops_ring, chequers_ossuary_entry_cave
D:7:      layout_basic, serial_shops, shop, uniq_joseph, uniq_menkaure
D:8:      layout_basic, minmay_lair_entry_grove, serial_shops, shop, the_bakery
D:9:      layout_cave_pools, kennysheep_orc_monster_closet_entryway,
          lemuel_centaur_altar
D:10:     layout_loops_cross, uniq_erolcha, uniq_nergalle
D:11:     layout_grid_maze, hangedman_abyss_or_decor_stabs, uniq_maurice
D:12:     layout_loops_ring
D:13:     layout_small_grid, hangedman_vaults_entry_quadrant_bands,
          serial_shops, shop, lemuel_statue_altar
D:14:     layout_rooms, minmay_strange_pillars
D:15:     grunt_enter_depths_giant_problem, layout_loops_cross,
          serial_park_avenue1, hangedman_decor_points
Lair:1:   layout_regular_city, serial_bayou_shore_a
Lair:2:   layout_hall_layers, nicolae_volcano_entry_two_sided,
          chequers_serial_rivers_small_a, st_stairs_5
Lair:3:   layout_chaotic_city, spider_nest_entry_web_field, basic_altar,
          grunt_megastairs_1
Lair:4:   layout_loops_ring, minmay_shoals_entry_centaurs
Lair:5:   layout_cave_pods, nicolae_quartered_pool_super, serial_bayou_pond_d,
          grunt_megastairs_5
Lair:6:   grunt_lair_end_beastmaster, layout_cave_pods,
          nicolae_slime_entry_slimehenge, grunt_megastairs_2, uniq_sonja,
          uniq_urug
Spider:1: layout_spider_delve
Spider:2: layout_chambers, hangedman_spider_tarantella_strand
Spider:3: layout_spider_delve, uniq_arachne
Orc:1:    layout_caves, bloody_makhleb
Orc:2:    st_orc_mages, layout_caves

Skill      XL: |  1  2  3  4  5  6  7  8  9 10 11 12 13 14 15 |
---------------+----------------------------------------------+-----
Fighting       | 4 5 6 7 9 10 12 13 | 13.6
Shields        | 4 5 6 7 9 11 12 14 15 18 19 | 19.6
Armour         | 4 5 6 8 9 10 12 13 14 | 14.6
Long Blades    | 3 4 5 6 8 10 11 13 14 15 16 | 16.2
Dodging        | 1 2 3 4 5 6 |  6.5
Evocations     | 1 |  1.4
Invocations    | 1 |  1.6
Stealth        | 1 3 |  3.0

Action                   |  1- 3 |  4- 6 |  7- 9 | 10-12 | 13-15 || total
-------------------------+-------+-------+-------+-------+-------++-------
Melee: Long sword        |    73 |   166 |   438 |   110 |       ||   787
       Headbutt          |    12 |    32 |    82 |   226 |   602 ||   954
       Falchion          |       |       |       |   586 |  1819 ||  2405
       Demon blade       |       |       |       |       |    47 ||    47
Invok: Heroism           |       |       |     5 |     5 |     9 ||    19
       Finesse           |       |       |       |       |     1 ||     1
Evoke: Wand              |       |     3 |     2 |     3 |     8 ||    16
  Use: Potion            |     3 |       |     1 |       |    10 ||    14
       Scroll            |       |     8 |     2 |     3 |    16 ||    29
 Stab: Distracted        |       |       |       |       |     1 ||     1
       Petrified         |       |       |       |       |    11 ||    11
  Eat: Chunk             |       |     8 |     8 |     9 |    45 ||    70
       Ration            |       |       |     1 |     3 |     3 ||     7
Armor: Scale mail        |    22 |    60 |     9 |       |       ||    91
       Chain mail        |       |       |   158 |   220 |   569 ||   947
Dodge: Dodged            |    23 |    33 |    85 |   177 |   439 ||   757
Block: Shield            |    40 |    85 |   264 |   506 |   330 ||  1225
       Reflection        |       |       |     3 |    30 |       ||    33
       Large shield      |       |       |       |       |  1374 ||  1374
       Rpst.: Long sword |     7 |     7 |    20 |    12 |       ||    46
       Falchion          |       |       |       |    37 |   106 ||   143
